TOP OF THE 1ST |
Williamsport Crosscutters batting - Pitching for Los Angeles (NYP) Dodgers : RHP Dan Marino IV
|
Pitching: RHP Dan Marino IV
|
|
Batting: RHB Tony Perez
|
0-0: Fly out, F9 (Flyball, 9D, EV 96.9 MPH)
|
Batting: RHB Joe Hewitt
|
0-0: Reached on error, E5 (Groundball, 56S, EV 76.2 MPH)
|
Batting: RHB Alan Weller
|
0-0: Ball Joe Hewitt steals 2nd base 1-0: Called Strike 1-1: Ground out 3-1 (Groundball, 34, EV 105.0 MPH) Joe Hewitt to third
|
Batting: RHB Allen Gravel
|
0-0: Called Strike 0-1: Ball 1-1: Swinging Strike 1-2: Foul Ball, location: 2F 1-2: Ball 2-2: Fly out, F7 (Flyball, 7LM, EV 100.6 MPH)
|
Top of the 1st over - 0 runs, 0 hits, 1 error, 1 left on base; Williamsport 0 - Los Angeles (NYP) 0 |
BOTTOM OF THE 1ST |
Los Angeles (NYP) Dodgers batting - Pitching for Williamsport Crosscutters : RHP Wally Hoover
|
Pitching: RHP Wally Hoover
|
|
Batting: LHB Nate Kee
|
0-0: Called Strike 0-1: Ball 1-1: Ball 2-1: Foul Ball, location: 2F 2-2: Ground out 5-3 (Groundball, 15, EV 88.8 MPH)
|
Batting: RHB Pat Adams
|
0-0: Called Strike 0-1: Ball 1-1: Swinging Strike 1-2: Foul Ball, location: 2F 1-2: Ball 2-2: Foul Ball, location: 2F 2-2: Foul Ball, location: 2F 2-2: Foul Ball, location: 2F 2-2: Ground out 5-3 (Groundball, 5, EV 83.1 MPH)
|
Batting: RHB Mike Dodson
|
0-0: Called Strike 0-1: Foul Ball, location: 2F 0-2: Strikes out looking
|
Bottom of the 1st over - 0 runs, 0 hits, 0 errors, 0 left on base; Williamsport 0 - Los Angeles (NYP) 0 |
TOP OF THE 2ND |
Williamsport Crosscutters batting - Pitching for Los Angeles (NYP) Dodgers : RHP Dan Marino IV
|
Batting: LHB Eric Farren
|
0-0: Fly out, F9 (Flyball, 9, EV 91.2 MPH)
|
Batting: RHB Trent Hedrick
|
0-0: Swinging Strike 0-1: Ball 1-1: TRIPLE (Line Drive, 78XD, EV 108.8 MPH)
|
Batting: RHB Jake Cox
|
0-0: Called Strike 0-1: Foul Ball, location: 2F 0-2: Strikes out swinging
|
Batting: RHB Jose Corral
|
0-0: Ball 1-0: Swinging Strike 1-1: Swinging Strike 1-2: Strikes out swinging
|
Top of the 2nd over - 0 runs, 1 hit, 0 errors, 1 left on base; Williamsport 0 - Los Angeles (NYP) 0 |
BOTTOM OF THE 2ND |
Los Angeles (NYP) Dodgers batting - Pitching for Williamsport Crosscutters : RHP Wally Hoover
|
Batting: RHB Roberto Monzon
|
0-0: Swinging Strike 0-1: Called Strike 0-2: Foul Ball, location: 2F 0-2: Ball 1-2: Foul Ball, location: 2F 1-2: Foul Ball, location: 2F 1-2: Ball 2-2: Ground out U3 (Groundball, 34S, EV 83.1 MPH)
|
Batting: RHB Gary Ming
|
0-0: Fly out, F9 (Line Drive, 9, EV 92.5 MPH)
|
Batting: RHB Justin Curran
|
0-0: Ball 1-0: Called Strike 1-1: Ground out 5-3 (Groundball, 56, EV 87.5 MPH)
|
Bottom of the 2nd over - 0 runs, 0 hits, 0 errors, 0 left on base; Williamsport 0 - Los Angeles (NYP) 0 |
TOP OF THE 3RD |
Williamsport Crosscutters batting - Pitching for Los Angeles (NYP) Dodgers : RHP Dan Marino IV
|
Batting: RHB Jimmy Misener
|
0-0: Fly out, F8 (Flyball, 78M, EV 90.0 MPH)
|
Batting: RHB Tony Perez
|
0-0: Called Strike 0-1: Called Strike 0-2: Strikes out looking
|
Batting: RHB Joe Hewitt
|
0-0: Called Strike 0-1: Ball 1-1: Ball 2-1: Ball 3-1: Called Strike 3-2: Strikes out swinging
|
Top of the 3rd over - 0 runs, 0 hits, 0 errors, 0 left on base; Williamsport 0 - Los Angeles (NYP) 0 |
BOTTOM OF THE 3RD |
Los Angeles (NYP) Dodgers batting - Pitching for Williamsport Crosscutters : RHP Wally Hoover
|
Batting: RHB David Watkins
|
0-0: Foul Ball, location: 2F 0-1: Foul Ball, location: 2F 0-2: Ball 1-2: Strikes out looking
|
Batting: RHB Joe Bower
|
0-0: Ball 1-0: Ball 2-0: Called Strike 2-1: Foul Ball, location: 2F 2-2: Strikes out looking
|
Batting: RHB Joel Escalera
|
0-0: Ball 1-0: Foul Ball, location: 2F 1-1: Ball 2-1: Ball 3-1: Called Strike 3-2: Foul Ball, location: 2F 3-2: Strikes out looking
|
Bottom of the 3rd over - 0 runs, 0 hits, 0 errors, 0 left on base; Williamsport 0 - Los Angeles (NYP) 0 |
TOP OF THE 4TH |
Williamsport Crosscutters batting - Pitching for Los Angeles (NYP) Dodgers : RHP Dan Marino IV
|
Batting: RHB Alan Weller
|
0-0: Swinging Strike 0-1: Ball 1-1: Called Strike 1-2: Strikes out swinging
|
Batting: RHB Allen Gravel
|
0-0: Called Strike 0-1: Foul Ball, location: 2F 0-2: Ball 1-2: Fly out, F9 (Flyball, 9D, EV 88.8 MPH)
|
Batting: LHB Eric Farren
|
0-0: Called Strike 0-1: Ball 1-1: Ball 2-1: Foul Ball, location: 2F 2-2: Ball 3-2: Reached on error, E1 (Groundball, 15S, EV 68.8 MPH)
|
Batting: RHB Trent Hedrick
|
0-0: Foul Ball, location: 2F 0-1: Ball 1-1: Ball 2-1: Foul Ball, location: 2F 2-2: Ball Balk! Eric Farren to third 3-2: Foul Ball, location: 2F 3-2: Fly out, F7 (Flyball, 78D, EV 99.4 MPH)
|
Top of the 4th over - 0 runs, 0 hits, 1 error, 1 left on base; Williamsport 0 - Los Angeles (NYP) 0 |
BOTTOM OF THE 4TH |
Los Angeles (NYP) Dodgers batting - Pitching for Williamsport Crosscutters : RHP Wally Hoover
|
Batting: LHB Nate Kee
|
0-0: Ground out 1-3 (Groundball, 15S, EV 60.6 MPH)
|
Batting: RHB Pat Adams
|
0-0: Called Strike 0-1: Swinging Strike 0-2: Ball 1-2: Foul Ball, location: 2F 1-2: Foul Ball, location: 2F 1-2: Ground out 5-3 (Groundball, 5, EV 90.0 MPH)
|
Batting: RHB Mike Dodson
|
0-0: Called Strike 0-1: Foul Ball, location: 2F 0-2: Ground out 6-3 (Groundball, 6, EV 88.1 MPH)
|
Bottom of the 4th over - 0 runs, 0 hits, 0 errors, 0 left on base; Williamsport 0 - Los Angeles (NYP) 0 |
TOP OF THE 5TH |
Williamsport Crosscutters batting - Pitching for Los Angeles (NYP) Dodgers : RHP Dan Marino IV
|
Batting: RHB Jake Cox
|
0-0: Called Strike 0-1: Ball 1-1: Foul Ball, location: 2F 1-2: Ground out 3-1 (Groundball, 34, EV 100.6 MPH)
|
Batting: RHB Jose Corral
|
0-0: Ground out 5-3 (Groundball, 56, EV 90.6 MPH)
|
Batting: RHB Jimmy Misener
|
0-0: Ball 1-0: Swinging Strike 1-1: Swinging Strike 1-2: Strikes out looking
|
Top of the 5th over - 0 runs, 0 hits, 0 errors, 0 left on base; Williamsport 0 - Los Angeles (NYP) 0 |
BOTTOM OF THE 5TH |
Los Angeles (NYP) Dodgers batting - Pitching for Williamsport Crosscutters : RHP Wally Hoover
|
Batting: RHB Roberto Monzon
|
0-0: Ball 1-0: Ground out 6-3 (Groundball, 56, EV 83.1 MPH)
|
Batting: RHB Gary Ming
|
0-0: Called Strike 0-1: Ball 1-1: SINGLE (Groundball, 4MD, EV 100.0 MPH)
|
Batting: RHB Justin Curran
|
0-0: Foul Ball, location: 2F 0-1: Called Strike 0-2: Ball 1-2: Strikes out swinging
|
Batting: RHB David Watkins
|
0-0: Ball 1-0: Called Strike 1-1: Foul Ball, location: 2F 1-2: Fielders Choice at 2nd, 6-4 (Groundball, 6, EV 81.9 MPH)
|
Bottom of the 5th over - 0 runs, 1 hit, 0 errors, 1 left on base; Williamsport 0 - Los Angeles (NYP) 0 |
TOP OF THE 6TH |
Williamsport Crosscutters batting - Pitching for Los Angeles (NYP) Dodgers : RHP Dan Marino IV
|
Batting: RHB Tony Perez
|
0-0: Foul Ball, location: 2F 0-1: Fly out, F7 (Flyball, 7, EV 90.6 MPH)
|
Batting: RHB Joe Hewitt
|
0-0: Called Strike 0-1: Foul Ball, location: 2F 0-2: Ball 1-2: Fly out, F8 (Flyball, 8LD, EV 93.8 MPH)
|
Batting: RHB Alan Weller
|
0-0: Fly out, F7 (Line Drive, 7, EV 93.8 MPH)
|
Top of the 6th over - 0 runs, 0 hits, 0 errors, 0 left on base; Williamsport 0 - Los Angeles (NYP) 0 |
BOTTOM OF THE 6TH |
Los Angeles (NYP) Dodgers batting - Pitching for Williamsport Crosscutters : RHP Wally Hoover
|
Pitching: RHP Junzo Fujii
|
|
Batting: RHB Joe Bower
|
0-0: Fly out, F8 (Flyball, 8LM, EV 90.6 MPH)
|
Batting: RHB Joel Escalera
|
0-0: Ball 1-0: Fly out, F4 (Line Drive, 4, EV 67.5 MPH)
|
Batting: LHB Nate Kee
|
0-0: Ball 1-0: Called Strike 1-1: Foul Ball, location: 2F 1-2: Ball 2-2: Strikes out swinging
|
Bottom of the 6th over - 0 runs, 0 hits, 0 errors, 0 left on base; Williamsport 0 - Los Angeles (NYP) 0 |
TOP OF THE 7TH |
Williamsport Crosscutters batting - Pitching for Los Angeles (NYP) Dodgers : RHP Dan Marino IV
|
Batting: RHB Allen Gravel
|
0-0: Foul Ball, location: 2F 0-1: Ball 1-1: Ball 2-1: Foul Ball, location: 2F 2-2: Ground out 6-3 (Groundball, 6, EV 104.4 MPH)
|
Batting: LHB Eric Farren
|
0-0: SINGLE (Line Drive, 4MD, EV 110.6 MPH)
|
Batting: RHB Trent Hedrick
|
0-0: Called Strike Eric Farren is caught stealing 2nd base 2-4 0-1: Swinging Strike 0-2: Ground out 5-3 (Groundball, 56, EV 89.4 MPH)
|
Top of the 7th over - 0 runs, 1 hit, 0 errors, 0 left on base; Williamsport 0 - Los Angeles (NYP) 0 |
BOTTOM OF THE 7TH |
Los Angeles (NYP) Dodgers batting - Pitching for Williamsport Crosscutters : RHP Junzo Fujii
|
Batting: RHB Pat Adams
|
0-0: Ball 1-0: Swinging Strike 1-1: Foul Ball, location: 2F 1-2: Strikes out looking
|
Batting: RHB Mike Dodson
|
0-0: Ball 1-0: Foul Ball, location: 2F 1-1: Ball 2-1: Called Strike 2-2: Foul Ball, location: 2F 2-2: Foul Ball, location: 2F 2-2: Ball 3-2: Foul Ball, location: 2F 3-2: Base on Balls
|
Batting: RHB Roberto Monzon
|
|
Pinch Hitting: LHB Stephen Van Raalte
|
0-0: Ball 1-0: Called Strike 1-1: Ball 2-1: Foul Ball, location: 2F 2-2: Foul Ball, location: 2F 2-2: Ball 3-2: Grounds out, U3 (Groundball, 3L, EV 100.6 MPH)
|
Batting: RHB Gary Ming
|
0-0: Ball Wild Pitch! Mike Dodson to third 1-0: Called Strike 1-1: Ground out 4-3 (Groundball, 4, EV 101.2 MPH)
|
Bottom of the 7th over - 0 runs, 0 hits, 0 errors, 1 left on base; Williamsport 0 - Los Angeles (NYP) 0 |
TOP OF THE 8TH |
Williamsport Crosscutters batting - Pitching for Los Angeles (NYP) Dodgers : RHP Dan Marino IV
|
Now at 2B: Nate Kee
|
|
Now in CF: Stephen Van Raalte
|
|
Batting: RHB Jake Cox
|
0-0: Ground out 4-3 (Groundball, 4, EV 111.9 MPH)
|
Batting: RHB Jose Corral
|
0-0: Ball 1-0: Ball 2-0: Called Strike 2-1: Foul Ball, location: 2F 2-2: DOUBLE (Line Drive, 7LM, EV 105.6 MPH)
|
Batting: RHB Jimmy Misener
|
0-0: Foul Ball, location: 2F 0-1: Ball 1-1: Fly out, F8 (Flyball, 8RM, EV 91.9 MPH)
|
Batting: RHB Tony Perez
|
0-0: Ball 1-0: Foul Ball, location: 2F 1-1: Ball Wild Pitch! Jose Corral to third 2-1: Ball 3-1: Hit by Pitch
|
Batting: RHB Joe Hewitt
|
0-0: Called Strike 0-1: Hit by Pitch Tony Perez to second
|
Batting: RHB Alan Weller
|
0-0: Called Strike 0-1: Foul Ball, location: 2F 0-2: Foul Ball, location: 2F 0-2: Ball 1-2: Fly out, F9 (Flyball, 9D, EV 100.0 MPH)
|
Top of the 8th over - 0 runs, 1 hit, 0 errors, 3 left on base; Williamsport 0 - Los Angeles (NYP) 0 |
BOTTOM OF THE 8TH |
Los Angeles (NYP) Dodgers batting - Pitching for Williamsport Crosscutters : RHP Junzo Fujii
|
Pitching: RHP Leo Loetzsch
|
|
Batting: RHB Justin Curran
|
0-0: Swinging Strike 0-1: SINGLE (Line Drive, 89M, EV 91.9 MPH)
|
Batting: RHB David Watkins
|
0-0: Called Strike 0-1: Called Strike 0-2: Strikes out swinging Justin Curran steals 2nd base Batter strikes out.
|
Batting: RHB Joe Bower
|
0-0: Called Strike 0-1: Fly out, F8 (Flyball, 89D, EV 100.6 MPH) Runner from 2nd tags up, SAFE at 3rd, no throw by CF
|
Pinch Hitting: LHB Mesfin Azagba
|
0-0: Ball 1-0: Ball Wild Pitch! Justin Curran scores 2-0: Foul Ball, location: 2F 2-1: Ground out 6-3 (Groundball, 6M, EV 90.0 MPH)
|
Bottom of the 8th over - 1 run, 1 hit, 0 errors, 0 left on base; Williamsport 0 - Los Angeles (NYP) 1 |
TOP OF THE 9TH |
Williamsport Crosscutters batting - Pitching for Los Angeles (NYP) Dodgers : RHP Dan Marino IV
|
Pitching: RHP Juan Rodriguez
|
|
Now at C: Charles Blatchford
|
|
Batting: RHB Allen Gravel
|
0-0: Ball 1-0: Foul Ball, location: 2F 1-1: Ball 2-1: Called Strike 2-2: Fly out, F7 (Flyball, 7D, EV 103.8 MPH)
|
Batting: LHB Eric Farren
|
0-0: Reached on error, E1 (Groundball, 34S, EV 66.2 MPH)
|
Pinch Hitting: SHB Danny Simmons
|
0-0: Ball 1-0: Ball 2-0: Foul Ball, location: 2F 2-1: Ball 3-1: Called Strike 3-2: Foul Ball, location: 2F 3-2: Base on Balls
|
Batting: RHB Jake Cox
|
0-0: Ball 1-0: Ball 2-0: Called Strike 2-1: Foul Ball, location: 2F 2-2: Strikes out swinging
|
Batting: RHB Jose Corral
|
0-0: Ball 1-0: SINGLE (Groundball, 4MD, EV 99.4 MPH) Eric Farren to third Danny Simmons to second Runner from 3rd tries for Home, SAFE, throw by CF to home
|
Pinch Hitting: SHB Jeff Echt
|
0-0: Foul Ball, location: 2F 0-1: Called Strike 0-2: Ball 1-2: Strikes out swinging
|
Top of the 9th over - 1 run, 1 hit, 1 error, 2 left on base; Williamsport 1 - Los Angeles (NYP) 1 |
BOTTOM OF THE 9TH |
Los Angeles (NYP) Dodgers batting - Pitching for Williamsport Crosscutters : RHP Leo Loetzsch
|
Now at 1B: Frank Shelton
|
|
Now in RF: Brian Burd
|
|
Batting: LHB Nate Kee
|
0-0: Foul Ball, location: 2F 0-1: Called Strike 0-2: Ball 1-2: Ball 2-2: Strikes out swinging
|
Batting: RHB Pat Adams
|
0-0: Called Strike 0-1: DOUBLE (Line Drive, 89D, EV 106.9 MPH)
|
Batting: RHB Mike Dodson
|
0-0: Called Strike 0-1: Ball 1-1: Ball 2-1: Ball 3-1: Foul Ball, location: 2F 3-2: Foul Ball, location: 2F 3-2: Strikes out looking
|
Batting: LHB Stephen Van Raalte
|
0-0: Foul Ball, location: 2F 0-1: Swinging Strike 0-2: Strikes out looking
|
Bottom of the 9th over - 0 runs, 1 hit, 0 errors, 1 left on base; Williamsport 1 - Los Angeles (NYP) 1 |
TOP OF THE 10TH |
Williamsport Crosscutters batting - Pitching for Los Angeles (NYP) Dodgers : RHP Juan Rodriguez
|
Batting: RHB Tony Perez
|
0-0: Ball 1-0: Called Strike 1-1: Foul Ball, location: 2F 1-2: Foul Ball, location: 2F 1-2: Ball 2-2: Strikes out looking
|
DELAY
|
Rain delay of 14 minutes in the 10th inning.
|
Batting: RHB Joe Hewitt
|
0-0: Called Strike 0-1: Swinging Strike 0-2: Ball 1-2: Ball 2-2: Foul Ball, location: 2F 2-2: Ball 3-2: Foul Ball, location: 2F 3-2: Strikes out swinging
|
Batting: RHB Alan Weller
|
0-0: Ball 1-0: Foul Ball, location: 2F 1-1: Called Strike 1-2: Ball 2-2: Foul Ball, location: 2F 2-2: Ground out 5-3 (Groundball, 56, EV 110.6 MPH)
|
Top of the 10th over - 0 runs, 0 hits, 0 errors, 0 left on base; Williamsport 1 - Los Angeles (NYP) 1 |
BOTTOM OF THE 10TH |
Los Angeles (NYP) Dodgers batting - Pitching for Williamsport Crosscutters : RHP Leo Loetzsch
|
Pitching: RHP Tyler Bach
|
|
Batting: RHB Gary Ming
|
0-0: Called Strike 0-1: Called Strike 0-2: Ground out 6-3 (Groundball, 6, EV 95.0 MPH)
|
Batting: RHB Justin Curran
|
0-0: Called Strike 0-1: Foul Ball, location: 2F 0-2: Foul Ball, location: 2F 0-2: Ground out 4-3 (Groundball, 4, EV 101.2 MPH)
|
Batting: RHB David Watkins
|
0-0: Called Strike 0-1: Ground out 6-3 (Groundball, 6, EV 85.6 MPH)
|
Bottom of the 10th over - 0 runs, 0 hits, 0 errors, 0 left on base; Williamsport 1 - Los Angeles (NYP) 1 |
TOP OF THE 11TH |
Williamsport Crosscutters batting - Pitching for Los Angeles (NYP) Dodgers : RHP Juan Rodriguez
|
Pitching: RHP Chris Bedard
|
|
Batting: RHB Allen Gravel
|
0-0: Called Strike 0-1: Swinging Strike 0-2: Strikes out swinging
|
Batting: LHB Eric Farren
|
0-0: Ground out 5-3 (Groundball, 56S, EV 65.0 MPH)
|
Batting: RHB Frank Shelton
|
0-0: Ground out 6-3 (Groundball, 6, EV 108.8 MPH)
|
Top of the 11th over - 0 runs, 0 hits, 0 errors, 0 left on base; Williamsport 1 - Los Angeles (NYP) 1 |
BOTTOM OF THE 11TH |
Los Angeles (NYP) Dodgers batting - Pitching for Williamsport Crosscutters : RHP Tyler Bach
|
Batting: RHB Joe Bower
|
0-0: Ball 1-0: SINGLE (Line Drive, 8RS, EV 101.9 MPH)
|
Batting: RHB Charles Blatchford
|
0-0: Called Strike 0-1: Swinging Strike 0-2: Ball 1-2: Strikes out looking
|
Batting: LHB Nate Kee
|
0-0: Ball 1-0: Swinging Strike 1-1: Foul Ball, location: 2F 1-2: Foul Ball, location: 2F 1-2: DOUBLE (Flyball, 78XD, EV 103.1 MPH) Joe Bower to third Runner from 3rd tries for Home, SAFE, no throw by CF
|
Bottom of the 11th over - 1 run, 2 hits, 0 errors, 0 left on base; Williamsport 1 - Los Angeles (NYP) 2 |
|
Game Over ... Los Angeles (NYP) defeats Williamsport, 2 to 1
|
|
|